 Dungeon Crawl Stone Soup version 0.29.0-4-gdea44cf6ec (webtiles) character file.

Game seed: 4334601328280843418

63 qw the Chopper (level 4, 0/26 HPs)
             Began as a Tengu Warper on Aug 28, 2022.
             Succumbed to a kobold's poison
             ... on level 2 of the Dungeon.
             The game lasted 00:00:10 (2430 turns).

qw the Chopper (Tengu Warper)                       Turns: 2430, Time: 00:00:10

Health: 0/26       AC:  3    Str: 13    XL:     4   Next: 9%
Magic:  8/8        EV: 12    Int: 13    God:
Gold:   99         SH:  0    Dex: 14    Spells: 7/7 levels left

rFire   . . .      SeeInvis .   c - +0 war axe
rCold   . . .      Faith    .   (no shield)
rNeg    . . .      Spirit   .   b - +0 leather armour
rPois   .          Reflect  .   (helmet restricted)
rElec   .          Harm     .   (no cloak)
rCorr   .          Rampage  .   (no gloves)
Will    +....                   (boots unavailable)
Stlth   +.........              (no amulet)
HPRegen 0.08/turn               f - ring of willpower
MPRegen 0.11/turn               (no ring)

@: lethally poisoned (0 -> -1)
A: beak, talons 3
a: no special abilities


You were on level 2 of the Dungeon.
You visited 1 branch of the dungeon, and saw 2 of its levels.

You collected 99 gold pieces.


Innate Abilities, Weirdness & Mutations

You have a beak for a mouth.
You have claws for feet.


   Skills:
 - Level 2.0 Fighting
 + Level 4.7 Axes
 - Level 1.0 Throwing
 - Level 1.1 Armour
 - Level 2.1 Dodging
 - Level 2.0 Spellcasting
 - Level 2.4 Translocations


You had 7 spell levels left.
You didn't know any spells.
Your spell library contained the following spells:

 Spells                   Type           Power      Damage    Failure   Level
 Blink                    Tloc           14%        N/A       19%         2
 Gell's Gravitas          Tloc           7%         N/A       36%         3
 Lesser Beckoning         Tloc           7%         N/A       36%         3
 Teleport Other           Tloc           7%         N/A       36%         3
 Manifold Assault         Tloc           7%         N/A       98%         5

Inventory:

Hand Weapons
 c - a +0 war axe (weapon)
 d - a +0 whip
Armour
 b - a +0 leather armour (worn)
Jewellery
 f - a ring of willpower (left hand)
Scrolls
 g - a scroll of vulnerability {unknown}
 h - a scroll of summoning {unknown}
 j - a scroll of identify
Potions
 a - a potion of degeneration {unknown}
 e - a potion of curing {unknown}
 i - a potion of invisibility {unknown}

Dungeon Overview and Level Annotations

Branches:
Dungeon (2/15)

Altars:


Message History

You kill the adder!
You feel sick.
You are no longer poisoned.
You have reached level 4!
You feel agile.
You start resting.
HP restored.
A kobold comes into view.
It is wielding a +2 short sword of venom.
The kobold shouts!
You barely miss the kobold. Your kick misses the kobold.
The kobold hits you with a +2 short sword of venom.
You closely miss the kobold.
The kobold hits you with a +2 short sword of venom.
You are poisoned.
The kobold closely misses you.
You closely miss the kobold. Your kick misses the kobold. You peck the kobold.
The kobold is severely wounded.
You feel very sick.
The kobold hits you with a +2 short sword of venom.
You are lethally poisoned!
You hit the kobold.
You kill the kobold!
You feel very sick.
There is a lethal amount of poison in your body!
You feel sick.
There is a lethal amount of poison in your body!
You feel sick.
There is a lethal amount of poison in your body!
You feel sick.
There is a lethal amount of poison in your body!
You feel sick.
There is a lethal amount of poison in your body!
You feel sick.
There is a lethal amount of poison in your body!
You feel sick.
There is a lethal amount of poison in your body!
You feel sick.
There is a lethal amount of poison in your body!
You feel sick.
There is a lethal amount of poison in your body!
You die...

#.# #.# #'# #.#
...
#.########## ..
#.##.......#
#.......##.#
####.......##.#
+.......#..##.#
####..........#
#..##.@.####
#.###)#.# #.#
#.#.# #.. ....#
#####.### #. #.
#.


There were no monsters in sight!

Vanquished Creatures
  An adder (D:2)
  3 dart slugs
  7 ball pythons
  A bat (D:1)
  3 endoplasms
  3 giant cockroaches
  5 goblins
  4 hobgoblins (D:1)
  3 jackals (D:2)
  6 kobolds
  2 quokkas (D:1)
  A frilled lizard (D:1)
  7 rats
46 creatures vanquished.

Notes
Turn   | Place    | Note
-------+----------+-------------------------------------------
     0 | D:1      | qw the Tengu Warper began the quest for the Orb.
     0 | D:1      | Reached XP level 1. HP: 12/12 MP: 4/4
     0 | D:1      | 0 ||| qw: Version: 0.1-a-89-g26bdef1
     0 | D:1      | 0 ||| qw: Game counter: 234
     0 | D:1      | 0 ||| qw: Always use a shield: true
     0 | D:1      | 0 ||| qw: God list: Okawaru
     0 | D:1      | 0 ||| qw: Allow faded altars: false
     0 | D:1      | 0 ||| qw: Do Orc after D:15 true
     0 | D:1      | 0 ||| qw: Do second Lair branch before Depths: true
     0 | D:1      | 0 ||| qw: Lair rune preference: random
     0 | D:1      | 0 ||| qw: Plans: Normal
     0 | D:1      | 0 ||| PLANNING D:1-11
   145 | D:1      | 145 ||| Stepping ~*~*~tactically~*~*~ (stealth).
   147 | D:1      | 147 ||| Stepping ~*~*~tactically~*~*~ (stealth).
   152 | D:1      | Reached XP level 2. HP: 14/17 MP: 6/6
   154 | D:1      | Reached skill level 3 in Axes
   328 | D:1      | 328 ||| Stepping ~*~*~tactically~*~*~ (stealth).
   450 | D:1      | 450 ||| Stepping ~*~*~tactically~*~*~ (stealth).
   451 | D:1      | 451 ||| Stepping ~*~*~tactically~*~*~ (stealth).
   768 | D:1      | Reached XP level 3. HP: 21/21 MP: 7/7
  1019 | D:1      | Reached skill level 4 in Axes
  1094 | D:1      | 1094 ||| Stepping ~*~*~tactically~*~*~ (hiding).
  1422 | D:1      | 1422 ||| UPGRADING to ring of willpower.
  1423 | D:1      | 1423 ||| READING scroll labelled WIDAUX KIBECWU.
  1428 | D:1      | 1428 ||| READING scroll labelled XOOLOI OCWOK.
  1429 | D:1      | 1429 ||| READING scroll labelled WEJELO XUNOEJ.
  1430 | D:1      | 1430 ||| DROPPING scroll of blinking.
  1603 | D:2      | 1603 ||| SWAPPING to +0 war axe.
  1605 | D:2      | 1605 ||| DROPPING +0 hand axe.
  1636 | D:2      | 1636 ||| Stepping ~*~*~tactically~*~*~ (stealth).
  1637 | D:2      | 1637 ||| Stepping ~*~*~tactically~*~*~ (stealth).
  2011 | D:2      | 2011 ||| Stepping ~*~*~tactically~*~*~ (stealth).
  2013 | D:2      | 2013 ||| Stepping ~*~*~tactically~*~*~ (stealth).
  2016 | D:2      | 2016 ||| Stepping ~*~*~tactically~*~*~ (stealth).
  2017 | D:2      | 2017 ||| Stepping ~*~*~tactically~*~*~ (stealth).
  2168 | D:2      | Reached XP level 4. HP: 7/26 MP: 8/8
  2424 | D:2      | HP: 6/26 [poisoned by a kobold]
  2428 | D:2      | HP: 2/26 [poisoned by a kobold]
  2430 | D:2      | Succumbed to a kobold's poison

Levels and vault maps discovered:
D:1:      roderic_crossed_star, layout_loops_ring
D:2:      layout_loops_corners

Skill      XL: |  1  2  3 |
---------------+----------+-----
Axes           | 3 4 |  4.7
Fighting       | |  2.0
Throwing       | |  1.0
Armour         | |  1.1
Dodging        | |  2.1
Spellcasting   | |  2.0
Translocations | |  2.4

Action                   |  1- 3 |  4- 6 || total
-------------------------+-------+-------++-------
Melee: Hand axe          |    68 |       ||    68
       Kick              |    26 |       ||    26
       Peck              |     8 |     1 ||     9
       War axe           |    32 |     4 ||    36
Throw: Boomerang         |     7 |       ||     7
  Use: Scroll            |     3 |       ||     3
Armor: Leather armour    |    23 |       ||    23
Dodge: Dodged            |    60 |     1 ||    61

Table legend:
 A = Non-vault XP
 B = Vault XP
 C = Vault XP percentage of total XP
 D = Non-vault monster count
 E = Vault monster count
 F = Vault count percentage of total count
                 A         B        C        D         E       F
            +---------+---------+-------+---------+---------+-------
      Total |      90 |       0 |   0.0 |      46 |       0 |   0.0
            +---------+---------+-------+---------+---------+-------
        D:1 |      50 |       0 |   0.0 |      27 |       0 |   0.0
        D:2 |      40 |       0 |   0.0 |      19 |       0 |   0.0
            +---------+---------+-------+---------+---------+-------
